Cogmind - Beta 16 @@@ ROGUE MODE // 2025.12.09 @ 09:46:45 // Winter2019/RPGLIKE Player: Gallgagger Result: Destroyed by exploding Fusion Modulator Performance ------------- Evolutions (0) 0 Regions Visited (1) 200 Robots Destroyed (37) 185 Value Destroyed (906) 906 Prototype IDs (0) 0 Alien Tech Used (0) 0 Bonus (67) 67 TOTAL SCORE: 1358 Bonus ------- High Alert Combat Kills 67 Cogmind --------- Core Integrity 0/600 Matter 300/300 Energy 100/100 System Corruption 0% Temperature Cool (24) Movement Hovering (65) Location -10/Materials Parts ------- > --- POWER (1) -------- (None) > --- PROPULSION (2) --- Wheel Hover Unit > --- UTILITY (3) ------ Structural Scanner Seismic Detector Tractor Beam > --- WEAPON (2) ------- Particle Gun Assault Rifle > --- INVENTORY (2) ---- Wheel Assault Rifle Peak State ------------ > --- POWER ------------ Light Ion Engine > --- PROPULSION ------- Wheel Compact Wheel > --- UTILITY ---------- Improved Terrain Scanner Seismic Detector > --- WEAPON ----------- Assault Rifle Light Assault Rifle > --- INVENTORY -------- (None) [Rating: 9] Favorites ----------- Power Light Ion Engine Engine Light Ion Engine Propulsion Wheel Wheel Wheel Hover Unit Hover Unit Utility Seismic Detector Device Seismic Detector Protection Light Armor Plating Weapon Assault Rifle Energy Gun Particle Gun Ballistic Gun Assault Rifle Build | -11 -10 ------- Run | Yrd Mat Slots Evolved 4 | 3 1 Power . | . . Propulsion 1 | 1 . Utility 2 | 1 1 Weapon 1 | 1 . Parts Attached 14 | 8 6 Power 1 | 1 . Engine 1 | 1 . Core . | . . Reactor . | . . Propulsion 4 | 3 1 Treads . | . . Leg . | . . Wheel 3 | 3 . Hover 1 | . 1 Flight . | . . Utility 5 | 2 3 Device 4 | 2 2 Storage . | . . Processor . | . . Hackware . | . . Protection 1 | . 1 Artifact . | . . Weapon 4 | 2 2 Energy Gun 1 | . 1 Energy Cannon . | . . Ballistic Gun 3 | 2 1 Ballistic Cannon . | . . Launcher . | . . Special Weapon . | . . Impact Weapon . | . . Slashing Weapon . | . . Piercing Weapon . | . . Special Melee Weapon . | . . Unidentified Prototypes . | . . Parts Lost 2 | . 2 Power 1 | . 1 Propulsion . | . . Utility 1 | . 1 Weapon . | . . Highest Loss Streak 2 | . 2 To Critical Strikes 1 | . 1 Average Backups 1 | . 1 Power . | . . Propulsion . | . . Utility . | . . Weapon . | . . Tool/Special . | . . Unused Backups 1 | . 1 Power . | . . Propulsion . | . . Utility 1 | . 1 Weapon . | . . Tool/Special . | . . Average Slot Usage (%) 96 | . 96 Engine 10 | . 10 Wheel 25 | . 25 Hover 1 | . 1 Device 28 | . 28 Protection 3 | . 3 Energy Gun 6 | . 6 Ballistic Gun 19 | . 19 Peak Build Rating 9 | 9 9 Average Rating 7 | 6 8 On Entrance 4 | . 9 Avg Prop Armor Cover (%) 6 | . 6 Naked Turns . | . . Heaviest Build 13 | 8 13 Greatest Support 26 | 26 25 Greatest Overweight (x) . | . . Average Overweight (x) . | . . Largest Inventory Capacity 2 | 2 2 Average Capacity 2 | 2 2 Most Carried 2 | 1 2 Average Carried 1 | . 1 Final Capacity 2 | 2 2 Final Carried 2 | 1 2 Class Distribution -------------------- 84% | Mutant 15% | Scavenger-Mutant Dominant Class ---------------- Mutant | -10/Materials Resources | -11 -10 ----------- Run | Yrd Mat Matter Collected 811 | 304 507 Remotely 94 | . 94 Salvage Created 1172 | 44 1128 Parts 77 | 7 70 Haulers Intercepted 2 | . 2 Recyclers Shooed . | . . Parts Field Recycled . | . . Retrieved Matter . | . . Parts Self-Destructed . | . . Prevented . | . . Parts Restored . | . . Kills | -11 -10 ------- Run | Yrd Mat Combat Hostiles Destroyed 30 | . 30 Guns 30 | . 30 Classes Destroyed 7 | 1 6 Tunneler 2 | 2 . Hauler 2 | . 2 Operator 1 | . 1 Watcher 2 | . 2 Swarmer 12 | . 12 Grunt 16 | . 16 Subdweller 2 | . 2 Best Kill Streak 5 | 1 5 Combat Bots Only 5 | . 5 Max Kills in Single Turn 2 | 1 2 Gunslinging . | . . Exploded . | . . Melee . | . . Uniques/NPCs Destroyed . | . . Combat | -11 -10 -------- Run | Yrd Mat Hostile Shots Fired 148 | . 148 Missed 40 | . 40 Hits 108 | . 108 Projectile 108 | . 108 AOE 2 | . 2 Critical Strikes 2 | . 2 Damage Taken 1443 | . 1443 Core 1104 | . 1104 Absorbed by Shields . | . . Redirected to Core 764 | . 764 Core Remaining (%) 100 | 100 . Volleys Fired 111 | 6 105 Largest 2 | 2 2 Hottest 85 | 40 85 Shots Fired 214 | 12 202 Gun 214 | 12 202 Cannon . | . . Launcher . | . . Special . | . . Kinetic 171 | 12 159 Thermal 43 | . 43 Explosive . | . . Electromagnetic . | . . Robot Hit Streak 27 | 2 27 Robot Miss Streak 4 | 2 4 Penetration Max . | . . Secondary Targets 2 | . 2 Max Gunslinging Chain 1 | . 1 Shots Hit Robots 151 | 5 146 Core Hits 61 | 4 57 Critical Kills . | . . Critical Parts Destroyed . | . . Critical Strikes 2 | . 2 Burn 2 | . 2 Melee Attacks . | . . Impact . | . . Slashing . | . . Piercing . | . . Sneak Attacks . | . . Combat Hostiles . | . . Follow-up Attacks . | . . Damage Inflicted 2077 | 60 2017 Guns 2077 | 60 2017 Cannons . | . . Explosions . | . . Melee . | . . Ramming . | . . Kinetic 1508 | 60 1448 Thermal 569 | . 569 Explosive . | . . Electromagnetic . | . . Impact . | . . Slashing . | . . Piercing . | . . Highest Corruption . | . . Average Corruption . | . . Corruption Purged . | . . Corruption Blocked . | . . Overload Shots . | . . Overflow Damage . | . . Projectiles . | . . Explosions . | . . Melee . | . . Knockbacks . | . . Impact . | . . Kinetic . | . . Secondary . | . . Self-Inflicted Damage . | . . Shots . | . . Rammed . | . . Targets Rammed . | . . Kicked . | . . Crushed . | . . Highest Temperature 10 | . 10 Average Temperature 10 | . 10 Received Heat Transfer 360 | . 360 Siege Activations . | . . Martial Activations . | . . Shielding Activations . | . . Robots Disrupted . | . . Combat Hostiles . | . . Robots Corrupted . | . . Combat Hostiles . | . . Parts Fried . | . . Impact Corruptions . | . . Robots Melted . | . . Combat Hostiles . | . . Parts Melted 4 | . 4 Heat Transferred 1480 | . 1480 Parts Sabotaged . | . . Parts Stolen . | . . Parts Stripped . | . . Power Chain Reactions . | . . Alert | -11 -10 ------- Run | Yrd Mat Maximum Alert Level 2 | . 2 Low Security (%) 38 | 100 33 Level 1 35 | . 38 Level 2 25 | . 27 Level 3 . | . . Level 4 . | . . Level 5 . | . . High Security . | . . Max Security . | . . Peak Influence 527 | 5 527 Initial 3 | . 3 Average 251 | . 271 Influence Increases 979 | 10 969 Destroy 0b10 Robot/C 560 | . 560 Destroy 0b10 Robot/NC 35 | 10 25 Destroy Leader 128 | . 128 Successful Hack 6 | . 6 Select Force Hacks 110 | . 110 Disable Machine 15 | . 15 Destroy Structure 5 | . 5 Lose Combat Pursuer 120 | . 120 Influence Decreases 408 | 5 403 Entered New Map 2 | . 2 Time Decay 386 | 5 381 Lost Part 20 | . 20 Squads Dispatched 7 | . 7 Investigation 6 | . 6 Extermination . | . . Reinforcement 1 | . 1 Assault . | . . Garrison . | . . Intercept . | . . Searches Triggered . | . . Construction Impeded . | . . Haulers Reinforced . | . . Active Scanning Responses . | . . Cargo Convoy Interrupts . | . . Stealth | -11 -10 --------- Run | Yrd Mat Distress Signals 3 | . 3 Communications Jammed . | . . Distress Signals . | . . Times Spotted 45 | . 45 Peak Tracking Total 4 | . 4 Tactical Retreats 6 | . 6 Traps | -11 -10 ------- Run | Yrd Mat Traps Triggered 2 | . 2 Indirectly . | . . Trap Hack Attempts . | . . Triggered . | . . Disarmed . | . . Reprogrammed . | . . Reused . | . . Traps Extracted . | . . Installed . | . . Triggered . | . . Machines | -11 -10 ---------- Run | Yrd Mat Machines Disabled 1 | . 1 Max in Single Turn 1 | . 1 Machines Repaired . | . . Machines Dismantled . | . . Machines Sabotaged 1 | . 1 Overloaded Fab Kills . | . . Hacking | -11 -10 --------- Run | Yrd Mat Machines Accessed 5 | . 5 Terminals 3 | . 3 Fabricators . | . . Repair Stations . | . . Recycling Units 2 | . 2 Scanalyzers . | . . Garrison Access . | . . Total Hacks 13 | . 13 Successful 8 | . 8 Failed 5 | . 5 Catastrophic 1 | . 1 Database Lockouts . | . . Manual 9 | . 9 Terminals 11 | . 11 Fabricators . | . . Repair Stations . | . . Recycling Units 2 | . 2 Scanalyzers . | . . Garrison Access . | . . Terminal Hacks 4 | . 4 Robot Analysis 3 | . 3 Branch Access Points 1 | . 1 Fabricator Hacks . | . . Repair Station Hacks . | . . Recycling Unit Hacks . | . . Scanalyzer . | . . Garrison Access Hacks . | . . Unauthorized Hacks 4 | . 4 Terminals 2 | . 2 Sabotage 2 | . 2 Fabricators . | . . Repair Stations . | . . Recycling Units 2 | . 2 Tunnel 2 | . 2 Scanalyzers . | . . Garrison Access . | . . Data Cores Recovered 1 | . 1 Used . | . . Hacking Detections 2 | . 2 Full Trace Events 1 | . 1 Feedback Events . | . . Feedback Blocked . | . . Robot Schematics Acquired . | . . Robots Built . | . . Authchips . | . . Time . | . . Total Robot Build Rating . | . . Part Schematics Acquired . | . . Parts Built . | . . Authchips . | . . Time . | . . Total Part Build Rating . | . . Part Studies Acquired . | . . Parts Repaired . | . . Time . | . . Parts Recycled . | . . Recycled Matter . | . . Retrieved Matter . | . . Retrieved Components . | . . Parts Scanalyzed . | . . Part Schematics Acquired . | . . Parts Damaged . | . . Bothacking | -11 -10 ------------ Run | Yrd Mat Used RIF Installer . | . . Robots Hacked . | . . Non-combat . | . . Combat . | . . Robot Hacks Applied . | . . Relay Couplers Released . | . . Fabnet Peak Effective % . | . . Robots Rewired . | . . Allies Hacked . | . . Hacks Repelled . | . . Allies | -11 -10 -------- Run | Yrd Mat Total Allies . | . . Largest Group . | . . Highest-Rated Group . | . . Highest-Rated Ally . | . . Total Orders . | . . Ally Attacks . | . . Total Damage . | . . Kills . | . . Allies Corrupted . | . . Allies Melted . | . . Intel | -11 -10 ------- Run | Yrd Mat Active Infowar (turns) 978 | 35 943 Terrain 167 | 32 135 Structural 808 | . 808 Seismic 978 | 35 943 Robot Analysis Total 3 | . 3 Derelict Logs Recovered . | . . Drone Launches . | . . Drone Recoveries . | . . Exploration | -11 -10 ------------- Run | Yrd Mat Turns Passed 1017 | 74 943 Spaces Moved 666 | 56 610 Core 11 | 11 . Treads . | . . Legs . | . . Wheels 584 | 45 539 Hover 71 | . 71 Flight . | . . Fastest Speed 50 | 50 65 Average Speed 78 | 80 78 Slowest Speed 90 | 90 80 Overloaded Moves . | . . Propulsion Burnouts . | . . Robots Hopped . | . . Potential Cave-ins . | . . Cave-ins Triggered . | . . Exploration Rate (%) 39 | 3 75 Regions Visited 1 Branch Regions . Pre-discovered Areas 2 | . 2 Known Exits Taken . | . . Unknown Exits Taken 1 | 1 . Scrap Searched . | . . Spaces Dug . | . . Terrain Destroyed . | . . Melee . | . . Projectile . | . . AOE . | . . Terrain Rammed . | . . Walls Destroyed . | . . Machines Disabled . | . . Actions | -11 -10 --------- Run | Yrd Mat Total 943 | 69 874 Wait 123 | . 123 Move 665 | 55 610 Hop . | . . Pick Up 3 | . 3 Fast Attach 9 | 7 2 Attach . | . . Detach . | . . Swap 6 | 1 5 Drop 3 | . 3 Fire 111 | 6 105 Melee . | . . Ram . | . . Kick . | . . Crush . | . . Escape Stasis . | . . Rewire . | . . Trap . | . . Miscellaneous 23 | . 23 Route ------- -11/Scrapyard -10/Materials (discovered 3 exits: [*Mat x2] / *Min) History --------- Turn | Location | Event 1 | -11/Scrapyard | Upgraded with Propulsion slot (x1) 1 | -11/Scrapyard | Upgraded with Utility slot (x1) 1 | -11/Scrapyard | Upgraded with Weapon slot (x1) 16 | -11/Scrapyard | Discovered new exit (range 15) 75 | -11/Scrapyard | Entered Materials 96 | -10/Materials | Identified exit to Mines 307 | -10/Materials | Build established: Mutant 316 | -10/Materials | Core integrity fell below 50% 409 | -10/Materials | Reached level 2 479 | -10/Materials | Discovered new exit (range 7) 543 | -10/Materials | Upgraded with Utility slot (x1) 576 | -10/Materials | Core integrity fell below 20% 675 | -10/Materials | Derelicts attacked the area 884 | -10/Materials | Reached level 3 1007 | -10/Materials | Discovered new exit (range 13) 1018 | -10/Materials | Destroyed by exploding Fusion Modulator Last Messages --------------- 00996_ K-01 Serf collects debris. 00997_ Acquired 3 matter. 00999_ G-34 Mercenary destroyed. 01000_ Acquired 3 matter. 01000_ K-01 Serf cleans the Terminal. 01004_ K-01 Serf collects debris. 01007_ EXIT=FOUND 01013_ K-01 Serf collects debris. 01017_ K-01 Serf cleans the Terminal. 01018_ Connecting with Terminal... 01018_ Fusion Modulator explodes. >>Force(Sabotage) SYSTEM_VULNERABLE[Fusion Modulator] NETWORK_OVERLOAD COORDINATES_RETRIEVED 01018_ ALERT: Suspicious activity at Terminal M007. Dispatching Investigation squad. 01018_ Fusion Modulator explodes. 01018_ Terminal disabled. 01018_ K-01 Serf destroyed. Map ----- +----------------------------------------------------+ | ??????????????????????????????????? | | #?????????????????????????????????? | | #?????#????????????????????######?? | | #?????????????????????????#######?? | | #???????#?????????????????## ##?? | | #?????????????????????????## < ##?? | | #???##????????????????????## ##?? | | #?#######?????????????????## ##?? | | #########?????????????????## ##?? | | #????????????????### ###? | | ""T""??????????????????### ###? | | ! """"" ##???????????????## ##? | | ##?????#######???## ##? | | +#####################???## " ##? | | ################ ##???## ##? | | +###????## # ##???## ##? | | ##????## !# !######### ####? | | ""######## #% ####### # ###?? | | Y"########= "Y" # ##;;##;##+###?? | | ""## +%%""" #] ## ;##?? | | ## # [ # ##= ;#### | | ## ####+####+### ;#### | | # =#= ## | | ### ! %+% ; ### | | "## % % """ !#*% ; ## | | "## % ###### """ # @ ## | | "## ###### """ # ## | | ##??## # %[ ; ## | | ##??## ! ##+;;;;;;; ## | | ##??## """ %;# ### | | ##/####??## """ #### # #### | | ## """ ??## """ ##########? | | ## """ #### ##?######?? | | ## """ #### ##????????? | | ## #### """ ##????????? | | ## #### """ ##????????? | | ## #### """ ##????????? | | ############ ##????????? | | #########?## ##????????? | | ?????????????? """ ##????????? | | ?????????????? """ ??????????? | | ???????????????"" ??????????? | | ???????????????? ??????????? | | ???????????????? ??????????? | | ?????????????????? ??????????? | | ???????????????????? ??????????? | | #?????????????????????????????????? | | #?????????????????????????????????? | | #?????????????????????????????????? | | #?????????????????????????????????? | +----------------------------------------------------+ Best States ------------- Heat Dissipation 67 Energy Generation 10 Energy Capacity 125 Matter Stores 300 Matter Capacity 300 Sight Range 16 Terrain Scan Range 16 Terrain Scan Density 10 Armor Coverage 150 Evasion (%) 52 Item Schematics ----------------- None Robot Schematics ------------------ None Fabricated ------------ Nothing Repaired ---------- Nothing Studied --------- None Alien Tech Used ----------------- None Achievements -------------- None Challenges ------------ None RPGLIKE | -11 -10 --------- Run | Yrd Mat Levels Raised 2 | . 2 XP Earned 7088 | 3000 4088 XP Spent 5420 | 2970 2450 Upgrades 17 | 10 7 Propulsion Slot 1 | 1 . Utility Slot 2 | 1 1 Weapon Slot 1 | 1 . Heat Dissipation 7 | 4 3 Mass Support 1 | . 1 Inventory Capacity 2 | 2 . Ranged Accuracy 3 | 1 2 Protomatter Created 187 | . 187 Integrity Restored 501 | . 501 Core 501 | . 501 Protomatter Decayed 42 | . 42 Game ------ Seed ShieldReactiveSuit Manual? 0 Play Time 00:11:39 Cumulative 470.3 hours Start 2025.12.09 @ 09:34:48 End 2025.12.09 @ 09:46:45 Sessions 1 Manual Loads 0 Difficulty Rogue Special Mode Winter2019/RPGLIKE Game No. 175 Rogue 21 Adventurer 154 Explorer 0 Win Type - Total 19 Types 4/3/3/3/2/1/0/1/1/1 Lore% 93 Gallery% 84 Achievement% 61 Wizard Run 0 Options --------- Layout 2 ASCII 0 Keyboard 0 Movement Numpad Keybinds 0 Fullscreen 2 Font 24/Smallcaps Map View 50x44 Zoom Use 0% Tactical HUD 1 Map Filters NONE Filters NONE Steam 1 RUN: 3030ca18-c30d-4798-b9c4-44a342c3aef1